 Dungeon Crawl Stone Soup version 0.17-a0-1393-gcb420ff (webtiles) character file.

105 ololoev the Slasher (level 4, 0/33 HPs)
             Began as a Vampire Skald on June 16, 2015.
             Slain by an orc wizard
             ... wielding a +0 dagger
              (1 damage)
             ... on level 3 of the Dungeon.
             The game lasted 00:06:50 (2537 turns).

ololoev the Slasher (Vampire Skald)                 Turns: 2537, Time: 00:06:51

Health: 0/33       AC:  3    Str: 12    XL:     4   Next: 53%
Magic:  1/7        EV: 11    Int: 14    God:
Gold:   132        SH:  0    Dex: 13    Spells: 3 memorised, 1 level left

rFire  . . .     SeeInvis +     a - +0 falchion
rCold  . . .     Clarity  .     b - +0 leather armour
rNeg   . . .     SustAt   .     (no shield)
rPois  .         Gourm    .     (no helmet)
rElec  .         Spirit   .     (no cloak)
rCorr  .         Warding  .     (no gloves)
rMut   .         Stasis   .     (no boots)
MR     .....                    (no amulet)
Stlth  +.........               (no ring)
                                (no ring)

@: confused, regenerating very quickly, not resistant to hostile enchantments,
very unstealthy
A: fangs 3, see invisible, unbreathing
a: no special abilities


Innate Abilities, Weirdness & Mutations

Your natural rate of healing is extremely fast.
You have razor-sharp teeth.
You have supernaturally acute eyesight.
You can survive without breathing.

Inventory:

Hand weapons
 a - a +0 falchion (weapon)
Armour
 b - a +0 leather armour (worn)
 g - a +0 plate armour
Scrolls
 d - a scroll of enchant weapon {unknown}
 h - a scroll of random uselessness {unknown}
 i - a scroll of remove curse {unknown}
 k - a scroll of blinking {unknown}
 m - a scroll of fog {unknown}
Potions
 e - a potion of brilliance {unknown}
 f - a potion of haste {unknown}
 j - a potion of degeneration {unknown}
 l - 2 potions of curing {unknown}
Books
 c - a book of Battle

   Spells                             Type                      Level
   a - Infusion                       Charms                       1
   b - Shroud of Golubria             Charms/Translocation         2
   c - Song of Slaying                Charms                       2
   d - Spectral Weapon                Hexes/Charms                 3
   e - Regeneration                   Charms/Necromancy            3


   Skills:
 - Level 1.7 Fighting
 * Level 4.2 Long Blades
 + Level 1.2 Armour
 - Level 1.1 Dodging
 - Level 2.0 Spellcasting
 * Level 1.9 Hexes
 + Level 3.4 Charms


You had one spell level left.
You knew the following spells:

 Your Spells              Type           Power        Failure   Level  Hunger
a - Infusion              Chrm           ##....       10%         1    ##.....
b - Song of Slaying       Chrm           ##......     14%         2    ###....
c - Spectral Weapon       Hex/Chrm       #.......     34%         3    ####...


You were on level 3 of the Dungeon.
You were almost alive.

You visited 1 branch of the dungeon, and saw 3 of its levels.

You collected 132 gold pieces.

##..##....######
##.......# ###...<.#
##### #.##.## #....
#.##.# #.... #....#
### #....
##...######..
#....#####...........#
#..=o@.....##.....####
#...o##........##.##
#.... #.######.##..###
#....#..# #...#>...
#)...#.## ###...#..
######. #####....# ..
#......รท.# ..#
#..######). .. ..
#....

Notes
Turn   | Place    | Note
--------------------------------------------------------------
     0 | D:1      | ololoev the Vampire Skald began the quest for the Orb.
     0 | D:1      | Reached XP level 1. HP: 16/16 MP: 3/3
   574 | D:1      | Reached XP level 2. HP: 19/22 MP: 5/5
   886 | D:1      | Reached XP level 3. HP: 24/27 MP: 6/6
  1166 | D:2      | Learned a level 2 spell: Song of Slaying
  1343 | D:2      | Reached skill level 4 in Long Blades
  1661 | D:2      | Reached skill level 1 in Armour
  1742 | D:2      | Learned a level 3 spell: Spectral Weapon
  1838 | D:2      | You fall through a shaft!
  1866 | D:3      | HP: 1/27 [gnoll/spear (9)]
  1867 | D:3      | Reached skill level 1 in Hexes
  1867 | D:3      | Reached XP level 4. HP: 1/33 MP: 3/7
  2536 | D:3      | HP: 1/33 [orc wizard/dagger (2)]
  2537 | D:3      | Slain by an orc wizard

Dungeon Overview and Level Annotations

Branches:
Dungeon (3/15)

Altars:


Message History

You are confused.
You bump into the rock wall.
The orc wizard barely misses you.
You bump into the rock wall.
The orc wizard hits you but does no damage.
You hit the orc wizard.
The orc wizard is almost dead.
The orc wizard gestures at you while chanting.
You are more confused.
You closely miss the orc wizard.
The orc wizard is moderately wounded.
Your song is almost over.
The orc wizard closely misses you. The orc wizard barely misses you.
You closely miss the orc wizard.
The orc wizard is moderately wounded.
The orc wizard gestures at you while chanting.
You are more confused.
You hit the orc wizard but do no damage.
The orc wizard is moderately wounded.
The orc wizard seems less confused.
The orc wizard points at you and mumbles some strange words.
The magic dart hits you!
The orc wizard gestures at you while chanting.
The puff of flame hits you!
You're too confused to move!
The orc wizard misses you.
The orc wizard points at you and mumbles some strange words.
The puff of flame hits you!
You miss the orc wizard.
The orc wizard is moderately wounded.
The orc wizard hits you with a dagger.
The orc wizard points at you and mumbles some strange words.
You resist with some effort.
Your magical contamination has completely faded away.
You're too confused to move!
The orc wizard misses you.
The orc wizard hits you but does no damage.
You slash the orc wizard!
The orc wizard is severely wounded.
Your song has ended.
The orc wizard hits you with a dagger. x2
You bump into the rock wall.
The orc wizard hits you with a dagger.
You die...

You could see 2 orc wizards.

Vanquished Creatures
  3 gnolls
  An adder (D:3)
  An ooze (D:1)
  2 worms
  2 orcs (D:3)
  A ball python (D:1)
  A giant cockroach (D:1)
  8 goblins
  2 hobgoblins
  2 jackals (D:1)
  A quokka (D:3)
  11 bats
  4 giant geckos
  4 giant newts
  5 kobolds
  7 rats
55 creatures vanquished.

Action                   |  1- 3 |  4- 6 || total
-------------------------+-------+-------++-------
Melee: Falchion          |   151 |    56 ||   207
Throw: Throwing net      |     1 |       ||     1
 Cast: Infusion          |     2 |     3 ||     5
       Song of Slaying   |       |     1 ||     1
  Use: Potion            |    12 |     5 ||    17
 Stab: Held in net/web   |     1 |       ||     1

Vault maps used:
D:1:      dpeg_arrival_another_circle
